 Dungeon Crawl Stone Soup version 0.21-a0-143-g1ab7d47 (webtiles) character file.

697 grindst0ne the Firebug (level 7, -4/50 HPs)
             Began as a Hill Orc Fire Elementalist on July 25, 2017.
             Was an Initiate of Makhleb.
             Slain by Sigmund
             ... wielding a +0 scythe
              (13 damage)
             ... on level 5 of the Dungeon.
             The game lasted 00:10:13 (5736 turns).

grindst0ne the Firebug (Hill Orc Fire Elementalist) Turns: 5736, Time: 00:10:14

Health: -4/50      AC:  2    Str: 11    XL:     7   Next: 65%
Magic:  3/9        EV: 12    Int: 17    God:    Makhleb [......]
Gold:   124        SH:  0    Dex: 11    Spells: 2/9 levels left

rFire    . . .     SeeInvis .   c - +1 dagger (protect)
rCold    . . .     Gourm    .   (no shield)
rNeg     . . .     Faith    .   s - +0 robe (curse)
rPois    .         Spirit   .   (no helmet)
rElec    .         Reflect  .   (no cloak)
rCorr    .         Harm     .   (no gloves)
MR       .....                  (no boots)
Stlth    +.........             (no amulet)
HPRegen  0.16/turn              (no ring)
MPRegen  0.11/turn              (no ring)

@: confused
A: no striking features
a: Renounce Religion


You were on level 5 of the Dungeon.
You worshipped Makhleb.
Makhleb was noncommittal.
You were not hungry.

You visited 2 branches of the dungeon, and saw 6 of its levels.

You collected 124 gold pieces.

Inventory:

Hand Weapons
 c - a +1 dagger of protection (weapon)
 e - a +0 short sword
 w - a +0 hand axe
Armour
 a - a +0 robe
 s - a cursed +0 robe (worn)
Jewellery
 r - an uncursed amulet of magic regeneration {unknown}
Wands
 m - a wand of lightning (3/15)
Scrolls
 d - 3 scrolls of remove curse
 j - 3 scrolls of teleportation {unknown}
 n - a scroll of blinking {unknown}
 q - a scroll of noise {unknown}
 v - a scroll of identify
Potions
 g - a potion of agility
 h - 4 potions of curing
 i - 2 potions of flight
 l - a potion of heal wounds {unknown}
 o - a potion of haste {unknown}
 p - 2 potions of lignification {unknown}
Books
 b - a book of Flames

   Spells                             Type                      Level
   a - Flame Tongue                   Conjuration/Fire             1
   b - Throw Flame                    Conjuration/Fire             2
   c - Conjure Flame                  Conjuration/Fire             3
   d - Inner Flame                    Hexes/Fire                   3
   e - Sticky Flame                   Conjuration/Fire             4
   f - Fireball                       Conjuration/Fire             5
Comestibles
 f - 5 fruits
 k - 2 meat rations
 t - a royal jelly
 u - a bread ration


   Skills:
 - Level 1.5 Dodging
 - Level 1.5 Stealth
 - Level 1.5 Spellcasting
 + Level 5.7 Conjurations
 + Level 7.1 Fire Magic


You had 2 spell levels left.
You knew the following spells:

 Your Spells              Type           Power        Failure   Level  Hunger
a - Flame Tongue          Conj/Fire      ###..        1%          1    ##.....
b - Throw Flame           Conj/Fire      ###...       2%          2    ###....
c - Sticky Flame          Conj/Fire      ###.....     14%         4    #####..


Dungeon Overview and Level Annotations

Branches:
Dungeon (5/15)             Temple (1/1) D:4

Altars:
Ashenzari
Cheibriados
Dithmenos
Elyvilon
Fedhas
Makhleb
Okawaru
Ru
Uskayaw
Vehumet
Wu Jian
Xom
Zin

Annotations:
D:5 Sigmund


Message History

You are more confused.
You're too confused to move!
Something hits you!
You bump into the rock wall.
You bump into the rock wall.
Something hits you.
You bump into the rock wall.
You hear some strange, mumbled words.
You are more confused.
You bump into the rock wall.
Something hits you.
You bump into the rock wall.
You bump into the rock wall.
Something hits you! Something hits you!
There is a stone staircase leading up, spattered with blood here.
You bump into the rock wall.
Something barely misses you.
In your confused state, you trip and fall back down the stairs.
Something hits you!
* * * LOW HITPOINT WARNING * * *
You closely miss something. Something hits you!
You die...

###.#
#...#
#.###
#.#
#.#
#.#
#{#
#<#
#@#
#.#
#.#
..#
###


There were no monsters in sight!

Vanquished Creatures
  Grinder (D:4)
  The ghost of p0werm0de the Skirmisher, an amateur DsEn (D:3)
  A hound (D:4)
  4 orc wizards
  Ijyb (D:4)
  An iguana (D:4)
  5 adders
  7 gnolls
  An ooze (D:3)
  2 worms (D:2)
  2 dart slugs
  6 leopard geckos
  9 orcs
  A ball python (D:4)
  4 giant cockroaches
  10 goblins
  8 hobgoblins
  3 jackals (D:3)
  12 kobolds
  A quokka (D:4)
  5 bats
  7 frilled lizards
  A jackal skeleton (D:4)
  12 rats
105 creatures vanquished.

Notes
Turn   | Place    | Note
-------+----------+-------------------------------------------
     0 | D:1      | grindst0ne the Hill Orc Fire Elementalist began the quest for the Orb.
     0 | D:1      | Reached XP level 1. HP: 14/14 MP: 3/3
   188 | D:1      | Reached XP level 2. HP: 16/20 MP: 2/4
   313 | D:1      | Learned a level 2 spell: Throw Flame
   459 | D:1      | Reached XP level 3. HP: 25/26 MP: 2/5
   649 | D:1      | Reached skill level 4 in Fire Magic
  1456 | D:2      | Reached XP level 4. HP: 28/33 MP: 0/6
  1832 | D:2      | You fall through a shaft for 2 floors!
  1858 | D:4      | Reached XP level 5. HP: 38/38 MP: 0/7
  1922 | D:3      | Reached skill level 5 in Fire Magic
  2554 | D:3      | Reached XP level 6. HP: 24/45 MP: 0/8
  2952 | D:3      | Noticed p0werm0de's ghost (amateur DsEn)
  3224 | D:3      | Killed p0werm0de's ghost
  3408 | D:3      | Learned a level 4 spell: Sticky Flame
  3506 | D:3      | Reached skill level 6 in Fire Magic
  3954 | D:4      | Noticed Ijyb
  3970 | D:4      | Killed Ijyb
  4171 | D:4      | Found a staircase to the Ecumenical Temple.
  4268 | Temple   | Entered the Ecumenical Temple
  4276 | Temple   | Became a worshipper of Makhleb the Destroyer
  4422 | D:4      | Noticed Grinder
  4439 | D:4      | Paralysed by Grinder for 4 turns
  4735 | D:4      | Killed Grinder
  4735 | D:4      | Reached skill level 5 in Conjurations
  4735 | D:4      | Reached XP level 7. HP: 32/50 MP: 0/9
  5392 | D:4      | Reached skill level 7 in Fire Magic
  5523 | D:5      | Entered Level 5 of the Dungeon
  5640 | D:5      | Noticed Sigmund
  5736 | D:5      | Slain by Sigmund

Vault maps used:
D:1:      dpeg_arrival_subterranean_lakeside_camping
D:4:      minmay_temple_entry_statues, first_bread, uniq_ijyb, uniq_grinder
D:5:      nemelex_xobeh_ov_fountains_minmay, uniq_edmund, uniq_sigmund
Temple:   dpeg_three_leaves_temple

Skill      XL: |  1  2  3  4  5  6  7 |
---------------+----------------------+-----
Conjurations   | 2 3 5 |  5.7
Fire Magic     | 4 5 6 7 |  7.1
Dodging        | |  1.5
Stealth        | |  1.5
Spellcasting   | |  1.5

Action                   |  1- 3 |  4- 6 |  7- 9 || total
-------------------------+-------+-------+-------++-------
Melee: Dagger            |    11 |    24 |    32 ||    67
       Short sword       |    28 |    25 |       ||    53
 Cast: Flame Tongue      |    63 |   103 |    27 ||   193
       Throw Flame       |     1 |     4 |       ||     5
       Sticky Flame      |       |     2 |     1 ||     3
  Use: Scroll            |       |     4 |       ||     4
 Stab: Sleeping          |     1 |       |       ||     1
  Eat: Chunk             |     3 |     6 |     1 ||    10
       Bread ration      |       |     1 |       ||     1
       Meat ration       |       |     1 |       ||     1
       Fruit             |       |     1 |       ||     1
Armor: Robe              |    21 |    12 |    16 ||    49
Dodge: Dodged            |    39 |    63 |    30 ||   132
